 Dungeon Crawl Stone Soup version 0.24.0-125-gc4c63601f3 (webtiles) character file.

Game seed: 9183951980964929069, levelgen mode: deterministic

1077 straycat the Sneak (level 8, -1/53 HPs)
             Began as a Vampire Wanderer on Mar 6, 2020.
             Was a Follower of Hepliaklqana.
             Slain by an ogre
             ... wielding a +0 giant club
              (24 damage)
             ... on level 6 of the Dungeon.
             The game lasted 00:37:45 (5327 turns).

straycat the Sneak (Vampire Wanderer)               Turns: 5327, Time: 00:37:45

Health: -1/53      AC:  4    Str: 15    XL:     8   Next: 8%
Magic:  8/8        EV: 14    Int: 15    God:    Hepliaklqana [*.....]
Gold:   279        SH:  0    Dex: 11    Spells: 7/7 levels left

rFire    x . .     SeeInvis +   h - +3 short sword (venom)
rCold    + . .     Gourm    .   (no shield)
rNeg     . . .     Faith    .   g - +0 leather armour
rPois    .         Spirit   .   (no helmet)
rElec    .         Reflect  .   (no cloak)
rCorr    .         Harm     .   f - +0 pair of gloves
MR       .....                  (no boots)
Stlth    +++.......             (no amulet)
HPRegen  0.37/turn              (no ring)
MPRegen  0.11/turn              H - ring of ice

@: regenerating quickly
A: no food, reduced essence, fangs 3, see invisible, unbreathing
a: Exsanguinate, Recall Ancestor, Ancestor Identity, Renounce Religion


You were on level 6 of the Dungeon.
You worshipped Hepliaklqana.
Hepliaklqana was aware of your devotion.
You were alive.

You visited 1 branch of the dungeon, and saw 6 of its levels.

You collected 279 gold pieces.

Inventory:

Hand Weapons
 a - a +0 club
 h - a +3 short sword of venom (weapon)
 u - a +0 spear
 z - a +0 falchion
 A - a +0 war axe
 B - the +8 quarterstaff of Symmetry {speed, +Inv +Fly SInv, unknown}
   (You found it on level 6 of the Dungeon)

   Attacks with this weapon are significantly faster.
   It lets you see invisible.
   It lets you turn invisible.
   It lets you fly.
 E - a +0 dagger of speed
Missiles
 k - 99 arrows
 l - 5 boomerangs (quivered)
 m - 21 sling bullets
 C - 25 bolts
 F - 6 javelins
 J - 37 poisoned darts
Armour
 d - a +0 robe
 e - a +0 shield
 f - a +0 pair of gloves (worn)
 g - a +0 leather armour (worn)
 t - a +0 large shield
Jewellery
 H - a ring of ice (right hand)
Scrolls
 b - 3 scrolls of teleportation
 n - 7 scrolls of identify
 q - a scroll of silence {unknown}
 v - a scroll of fog
 w - 3 scrolls of remove curse
 y - a scroll of amnesia
 K - a scroll of blinking
Potions
 c - 3 potions of curing
 i - a potion of heal wounds {unknown}
 j - 2 potions of haste {unknown}
 o - 2 potions of agility {unknown}
 p - a potion of brilliance {unknown}
 r - a potion of magic {unknown}
 s - 2 potions of invisibility {unknown}
 x - a potion of mutation {unknown}
 D - a potion of cancellation {unknown}
 G - 3 potions of might
 I - a potion of degeneration {unknown}


   Skills:
 - Level 3.6 Fighting
 + Level 1.6 Short Blades
 - Level 1.0 Axes
 - Level 2.4 Throwing
 + Level 1.1 Armour
 + Level 5.7 Dodging
 + Level 6.7 Stealth
 - Level 1.0 Shields
 + Level 6.2 Unarmed Combat


You had 7 spell levels left.
You didn't know any spells.
Your spell library was empty.

Dungeon Overview and Level Annotations

Branches:
Dungeon (6/15)
 Temple: D:4-7

Altars:
Ashenzari
Hepliaklqana
Makhleb
Okawaru
Ru
Wu Jian
Xom


Innate Abilities, Weirdness & Mutations

You do not eat.
Your natural rate of healing is unusually fast.
You have razor-sharp teeth.
You have supernaturally acute eyesight. (SInv)
You can survive without breathing.
Your life essence is reduced to manifest your ancestor. (-10% HP)


Message History

Press: ? - help, Shift-Dir - straight line, f/p - orc
Aim: an orc, wearing a +0 scale mail You throw a boomerang.
The boomerang hits the orc warrior but does no damage.
The orc warrior is moderately wounded.
The orc warrior hits you with a +0 war axe!
You swap places.
Seras hits the orc warrior but does no damage.
The orc warrior hits Seras with a +0 war axe!
The ogre hits Seras with a +0 giant club.
Seras barely misses the ogre.
The orc warrior hits Seras with a +0 war axe!
Seras is destroyed!
You hit the ogre.
The ogre is heavily wounded.
The ogre hits you with a +0 giant club!
You puncture the ogre!
The ogre is poisoned.
The ogre is severely wounded.
The ogre hits you with a +0 giant club!!
You die...

########## ########
#........## #......#
#.#####...#######.####.#
#.# #.........@...##.#
#.#####...#######O#.##.#
...>.###### #.a....#
#.##.# ###o#### #.##.#
#...o..$# #.##.# #######
#.##)##.# #.##.# #.....#
# #)# # .....###.....#
#.# #......#.....# #.#


You could see an orc warrior, an ogre, a worker ant and an orc.

Vanquished Creatures
  An ice beast (D:6)
  An ogre (D:6)
  A centaur (D:5)
  A scorpion (D:4)
  A crimson imp (D:6)
  2 hounds (D:4)
  An orc wizard (D:5)
  2 orc priests (D:5)
  3 iron imps (D:3)
  A worker ant (D:4)
  Natasha (D:2)
  An iguana (D:4)
  A hound zombie (D:5)
  A worker ant zombie (D:5)
  11 adders
  A shadow imp (D:5)
  3 oozes
  An adder skeleton (D:6)
  7 worms
  2 dart slugs
  4 leopard geckos
  14 orcs
  5 ball pythons
  6 bats
  4 giant cockroaches
  8 goblins
  9 hobgoblins
  13 jackals
  6 kobolds
  3 quokkas
  A ball python skeleton (D:4)
  8 frilled lizards
  8 rats
132 creatures vanquished.

Vanquished Creatures (collateral kills)
  A bullfrog (D:6)
  A hound (D:5)
  An orc wizard (D:5)
  An adder (D:5)
4 creatures vanquished.

Vanquished Creatures (others)
  An ancestor (D:6)
1 creature vanquished.

Grand Total: 137 creatures vanquished

Notes
Turn   | Place    | Note
-------+----------+-------------------------------------------
     0 | D:1      | straycat the Vampire Wanderer began the quest for the Orb.
     0 | D:1      | straycat set off with the following items: a +0 club, a
                  | scroll of teleportation, a potion of curing, a +0 robe, a
                  | +0 shield
     0 | D:1      | Reached XP level 1. HP: 18/18 MP: 1/1
   187 | D:1      | Reached skill level 1 in Unarmed Combat
   371 | D:1      | Reached XP level 2. HP: 13/21 MP: 2/2
  1129 | D:2      | Reached XP level 3. HP: 14/26 MP: 3/3
  1529 | D:2      | Reached XP level 4. HP: 22/32 MP: 4/4
  1573 | D:2      | Found a shimmering altar of Xom.
  1682 | D:2      | Noticed Natasha
  2129 | D:2      | Killed Natasha
  2255 | D:3      | Reached XP level 5. HP: 20/41 MP: 5/5
  2499 | D:3      | Reached skill level 1 in Throwing
  2688 | D:3      | Found a burning altar of Makhleb.
  2734 | D:3      | Reached XP level 6. HP: 40/47 MP: 6/6
  3262 | D:4      | Reached skill level 5 in Stealth
  3315 | D:4      | Reached skill level 5 in Unarmed Combat
  3347 | D:4      | You fall into a shaft and drop 1 floor!
  3347 | D:5      | Entered Level 5 of the Dungeon
  3490 | D:5      | Found a sacrificial altar of Ru.
  3569 | D:5      | Reached skill level 5 in Dodging
  3569 | D:5      | Reached XP level 7. HP: 20/52 MP: 7/7
  3634 | D:5      | Found an ornate altar of the Wu Jian Council.
  3634 | D:5      | Found a shattered altar of Ashenzari.
  3634 | D:5      | Found an iron altar of Okawaru.
  3634 | D:5      | Found a hazy altar of Hepliaklqana.
  3781 | D:5      | Became a worshipper of Hepliaklqana the Forgotten
  4702 | D:6      | Reached * piety under Hepliaklqana
  5154 | D:6      | Reached skill level 1 in Short Blades
  5168 | D:6      | Got a crystal quarterstaff
  5177 | D:6      | Reached skill level 1 in Armour
  5177 | D:6      | Reached XP level 8. HP: 51/53 MP: 8/8
  5327 | D:6      | Slain by an ogre

Levels and vault maps discovered:
D:1:      grunt_arrival_lava_bath, layout_basic, minmay_tetromino_i4
D:2:      layout_basic, tgw_xom, minivault_4, uniq_natasha
D:3:      layout_basic, demons_altar
D:4:      layout_rooms, nicolae_dithmenos_shadow_blocks,
          minmay_temple_entry_tees, minmay_bent
D:5:      layout_basic, lemuel_crystal_altar,
          chequers_temple_overflow_statue_of_worship, first_ration
D:6:      layout_loops_cross

Skill      XL: |  1  2  3  4  5  6  7 |
---------------+----------------------+-----
Stealth        | 2 3 4 5 6 |  6.7
Unarmed Combat | 1 2 3 4 5 6 |  6.2
Dodging        | 4 5 |  5.7
Throwing       | 1 2 |  2.4
Short Blades   | 1 |  1.6
Armour         | 1 |  1.1
Fighting       | |  3.6
Axes           | |  1.0
Shields        | |  1.0

Action                   |  1- 3 |  4- 6 |  7- 9 || total
-------------------------+-------+-------+-------++-------
Melee: Unarmed           |   207 |   120 |       ||   327
       Bite              |    14 |    11 |    10 ||    35
       Punch             |     1 |     2 |     1 ||     4
       Short sword       |       |       |    89 ||    89
Throw: Stone             |    16 |       |       ||    16
       Boomerang         |    21 |   254 |    84 ||   359
       Throwing net      |     2 |       |       ||     2
Invok: Ancestor Identity |       |       |     1 ||     1
 Abil: Exsanguinate      |     1 |       |       ||     1
       Revivify          |     1 |       |       ||     1
  Use: Potion            |       |     1 |       ||     1
       Scroll            |       |       |    11 ||    11
 Stab: Sleeping          |     2 |       |       ||     2
Armor: Robe              |    41 |    17 |       ||    58
       Leather armour    |       |       |    18 ||    18
Dodge: Dodged            |   167 |   147 |    76 ||   390
